 Dungeon Crawl Stone Soup version 0.29.0-11-gd7f09526c8 (webtiles) character file.

Game seed: 12413683450547996668

438 sentinel the Digger (level 7, -7/50 HPs)
             Began as a Meteoran Earth Elementalist on Sept 5, 2022.
             Was an Initiate of Cheibriados.
             Shot with an arrow by a centaur (13 damage)
             ... on level 7 of the Dungeon.
             The game lasted 00:05:25 (815 turns).

sentinel the Digger (Meteoran Earth Elementalist)    Turns: 815, Time: 00:05:25

Health: -7/50      AC:  7    Str: 10    XL:     7   Next: 46%
Magic:  9/15       EV: 12    Int: 21    God:    Cheibriados [......]
Gold:   0          SH:  0    Dex: 15    Spells: 4/15 levels left

rFire   . . .      SeeInvis .   e - +1 short sword (venom)
rCold   . . .      Faith    .   (no shield)
rNeg    . . .      Spirit   .   h - +2 robe
rPois   .          Reflect  .   (no helmet)
rElec   .          Harm     .   (no cloak)
rCorr   .          Rampage  .   m - +2 pair of gloves
Will    .....                   (no boots)
Stlth   +.........              (no amulet)
HPRegen 0.16/turn               (no ring)
MPRegen 0.14/turn               (no ring)

@: glowing, very slow
A: sense surroundings 1, otherworldly, glowing, explore regen
a: Renounce Religion


You were on level 7 of the Dungeon.
You worshipped Cheibriados.
Cheibriados was noncommittal.
You visited 2 branches of the dungeon, and saw 8 of its levels.

Inventory:

Hand Weapons
 e - a +1 short sword of venom (weapon)
Missiles
 i - 6 boomerangs
Armour
 a - a +0 robe
 h - a +2 robe (worn)
 m - a +2 pair of gloves (worn)
Jewellery
 k - a ring of positive energy
Wands
 j - a wand of charming (4)
Scrolls
 f - 2 scrolls of butterflies
 o - 2 scrolls of teleportation {unknown}
Potions
 b - a potion of magic
 c - a potion of flight {unknown}
 d - a potion of degeneration {unknown}
 g - a potion of heal wounds {unknown}
 l - a potion of ambrosia {unknown}
 n - a potion of curing {unknown}


   Skills:
 - Level 2.4 Dodging
 - Level 1.4 Stealth
 + Level 4.7 Spellcasting
 - Level 5.0 Conjurations
 - Level 1.2 Transmutations
 * Level 6.3 Earth Magic


You had 4 spell levels left.
You knew the following spells:

 Your Spells              Type           Power      Damage    Failure   Level
a - Sandblast             Erth           62%        2d14      1%          1
b - Stone Arrow           Conj/Erth      56%        3d10      3%          3
c - Passwall              Tmut/Erth      16%        N/A       3%          2
l - Lee's Rapid Deconstr  Erth           15%        3d11*     22%         5

Your spell library contained the following spells:

 Spells                   Type           Power      Damage    Failure   Level
 Petrify                  Tmut/Erth      20%        N/A       24%         4
 Inner Flame              Hex/Fire       5%         N/A       32%         3
 Fulminant Prism          Conj/Hex       7%         3d7       36%         4
 Iskenderun's Mystic Bla  Conj/Tloc      15%        2d5       36%         4
 Cause Fear               Hex            2%         N/A       73%         4
 Discord                  Hex            2%         N/A       100%        8


Dungeon Overview and Level Annotations

Branches:
Dungeon (7/15) Zot: 5067   Temple (1/1) D:5 Zot: 877

Altars:
Ashenzari
Cheibriados
Dithmenos
Elyvilon
Hepliaklqana
Kikubaaqudgha
Makhleb
Nemelex Xobeh
Trog
Vehumet
Wu Jian
Xom
Yredelemnul
Zin

Annotations:
D:4 Pikel


Innate Abilities, Weirdness & Mutations

You passively map a small area around you.
You are easily found by Zot.
You glow in the dark.
You regain HP and MP as you explore.


Message History

You continue putting on your +2 pair of gloves. x4
You finish putting on your +2 pair of gloves.
Casting: Sandblast (safe; 1% risk of failure)
Confirm with . or Enter, or press ? or * to list all spells.
Aiming: Passwall (safe; 4% risk of failure)
Press: ? - help, Dir - move target A rock wall.
You begin to meditate on the wall.
You continue meditating on the rock. x3
You finish merging with the rock.
Found an escape hatch in the floor.
Found 3 stones.
The blast of sand hits the adder but does no damage.
The blast of sand hits the adder!
You kill the adder!
You see here an adder corpse.
An orc comes into view. It is wielding a +0 club.
The orc shouts!
The orc moves out of view.
You open the door.
Found two stone staircases leading up.
There is a fountain of clear blue water here.
The blast of sand hits the orc but does no damage.
The blast of sand hits the orc.
The orc is lightly wounded.
The orc hits you with a +0 club. The orc closely misses you.
The blast of sand hits the orc.
The orc is heavily wounded.
The orc closely misses you.
The blast of sand hits the orc but does no damage.
The orc is heavily wounded.
The orc hits you but does no damage. x2
The blast of sand hits the orc.
You kill the orc!
You can't see any susceptible monsters within range! (Use Z to cast anyway.)
You see here an adder corpse.
There is a dry fountain here.
There is an escape hatch in the floor here.
You slide downwards.
The hatch slams shut behind you.
Magic restored.
Found an escape hatch in the ceiling.
There is an escape hatch in the ceiling here.
A mysterious force pulls you upwards. The hatch slams shut behind you.
Casting: Sandblast (safe; 1% risk of failure)
Confirm with . or Enter, or press ? or * to list all spells.
Aiming: Passwall (safe; 4% risk of failure)
Press: ? - help, Dir - move target A rock wall.
You begin to meditate on the wall.
You continue meditating on the rock. x2
Magic restored.
You continue meditating on the rock.
You finish merging with the rock.
Found a spear.
Found a staircase to the Ecumenical Temple.
There is a staircase to the Ecumenical Temple here.
You climb downwards.
Welcome to the Ecumenical Temple!
Found seven altars.
There is a staircase back to the Dungeon here.
There is a snail-covered altar of Cheibriados here.
You kneel at the altar of Cheibriados.
Cheibriados welcomes you!
Cheibriados begins to support your attributes as your movement slows.
Cheibriados is now slowing the effects of poison on you.
There is a staircase back to the Dungeon here.
You climb upwards.
Welcome back to the Dungeon!
There is a staircase to the Ecumenical Temple here.
Found a glowing emerald potion.
n - a glowing emerald potion An ogre comes into view.
It is wielding a +0 giant club.
Found 8 gold pieces.
The ogre shouts!
Casting: Passwall (safe; 4% risk of failure)
Confirm with . or Enter, or press ? or * to list all spells.
Aiming: Stone Arrow (dangerous; 4% risk of failure)
Press: ? - help, Shift-Dir - straight line, f - ogre
Aim: an ogre, wielding a +0 giant club (86% to hit)
The stone arrow hits the ogre!
The ogre is moderately wounded.
Casting: Stone Arrow (dangerous; 4% risk of failure)
Confirm with . or Enter, or press ? or * to list all spells.
Aiming: Stone Arrow (dangerous; 4% risk of failure)
Press: ? - help, Shift-Dir - straight line, f/p - ogre
Aim: an ogre, wielding a +0 giant club (moderately wounded, 86% to hit)
The stone arrow hits the ogre!!
You kill the ogre!
Cheibriados appreciates the change of pace.
Your Conjurations skill increases to level 5!
Your Earth Magic skill increases to level 6!
You have reached level 7!
Things that are here:
a +0 giant club; an ogre corpse
Found a chain mail.
Found a book of Blasting.
You pick up a book of Blasting and begin reading...
You add the spells Fulminant Prism, Iskenderun's Mystic Blast and Lee's Rapid Deconstruction to your library.
This spell is quite dangerous to cast!
Memorise Lee's Rapid Deconstruction, consuming 5 spell levels and leaving 4?
You start memorising the spell.
You continue memorising. x5
You finish memorising.
Spell assigned to 'l'.
A necrophage comes into view.
The blast of sand hits the necrophage!
The necrophage is heavily damaged.
The necrophage closely misses you.
The blast of sand hits the necrophage!
You destroy the necrophage!
Cheibriados thoroughly appreciates the change of pace.
Found a stone staircase leading down.
There is a stone staircase leading down here.
You climb downwards.
Found a ring of positive energy.
Found a stone staircase leading down.
There is a stone staircase leading up here.
Annotate which branch? (. - D:6, ? - help, ! - show branch list)
Okay, then.
Annotate which branch? (. - D:6, ? - help, ! - show branch list)
Okay, then.
Unknown command.
Found a scroll labelled QUFOIV IVAZA.
Found a scroll labelled QUFOIV IVAZA.
o - a scroll labelled QUFOIV IVAZA
o - 2 scrolls labelled QUFOIV IVAZA (gained 1)
There is a stone staircase leading down here.
You climb downwards.
Found a curved jewelled staff, a robe and a scroll labelled CILOSE VAIJO.
There is a stone staircase leading up here.
Found 11 gold pieces and a smoky orange potion.
A centaur comes into view.
Found 17 gold pieces and 2 glowing emerald potions.
The centaur shouts!
The centaur wields a +3 vorpal shortbow.
The centaur shoots an arrow.
The arrow barely misses you.
The centaur shoots an arrow.
The arrow hits you!
The centaur shoots an arrow.
The arrow hits you!
A jelly comes into view.
The centaur shoots an arrow.
The arrow hits you.
Casting: Sandblast (safe; 1% risk of failure)
Confirm with . or Enter, or press ? or * to list all spells.
Aiming: Stone Arrow (dangerous; 3% risk of failure)
Press: ? - help, Shift-Dir - straight line, f - centaur
Aim: a centaur, wielding a +3 vorpal shortbow (83% to hit)
The stone arrow hits the centaur!!
The centaur is almost dead.
The jelly quivers.
The centaur shoots an arrow.
The arrow hits you!
* * * LOW HITPOINT WARNING * * *
x2 The centaur shoots an arrow.
The arrow closely misses you.
HP warning!
Casting: Stone Arrow (dangerous; 3% risk of failure)
Confirm with . or Enter, or press ? or * to list all spells.
Aiming: Stone Arrow (dangerous; 3% risk of failure)
Press: ? - help, Shift-Dir - straight line, f/p - centaur
Aim: a centaur, wielding a +3 vorpal shortbow (almost dead, 83% to hit)
The stone arrow misses the centaur.
The centaur shoots an arrow.
The arrow hits you!
You die...

, , * * ,, ..
, * . . J# ..
#######c#.##
,
#........!.#
#<..........
*
#.......|$.#
,
#...@......#
#.........$.
#.....[...!.
#..........#*
#...?......#
#..........#
,
########.###
..# .., *


You could see a centaur and a jelly.

Vanquished Creatures
  Eustachio (D:5)
  An ogre (D:5)
  A necrophage (D:5)
  Jessica (D:2)
  Natasha (D:2)
  An iguana (D:4)
  3 adders
  2 dart slugs
  An orc (D:5)
  5 ball pythons
  A bat (D:2)
  5 endoplasms
  3 giant cockroaches
  6 goblins
  3 hobgoblins
  4 jackals (D:2)
  3 quokkas
  4 frilled lizards
  4 kobolds
  3 rats
53 creatures vanquished.

Notes
Turn   | Place    | Note
-------+----------+-------------------------------------------
     0 | D:1      | sentinel the Meteoran Earth Elementalist began the quest
                  | for the Orb.
     0 | D:1      | Reached XP level 1. HP: 14/14 MP: 5/5
    19 | D:1      | Reached skill level 4 in Earth Magic
    25 | D:1      | Reached XP level 2. HP: 18/20 MP: 6/6
    37 | D:1      | Reached XP level 3. HP: 26/26 MP: 1/8
    42 | D:1      | Learned a level 2 spell: Passwall
    46 | D:1      | Learned a level 3 spell: Stone Arrow
   149 | D:2      | Noticed Jessica
   152 | D:2      | Killed Jessica
   153 | D:2      | Reached skill level 1 in Conjurations
   153 | D:2      | Reached XP level 4. HP: 33/33 MP: 5/9
   157 | D:2      | Reached skill level 5 in Earth Magic
   205 | D:2      | Found a hazy altar of Hepliaklqana.
   232 | D:2      | Noticed Natasha
   236 | D:2      | Killed Natasha
   237 | D:2      | Reached XP level 5. HP: 38/38 MP: 6/11
   378 | D:4      | Found an ancient bone altar of Kikubaaqudgha.
   547 | D:4      | Noticed a lemure
   547 | D:4      | Noticed a lemure
   547 | D:4      | Noticed a lemure
   549 | D:4      | Noticed Pikel
   549 | D:5      | Entered Level 5 of the Dungeon
   549 | D:5      | Noticed Eustachio
   563 | D:5      | Found a white marble altar of Elyvilon.
   576 | D:5      | Killed Eustachio
   577 | D:5      | Reached XP level 6. HP: 14/45 MP: 0/13
   592 | D:5      | Found an ornate altar of the Wu Jian Council.
   609 | D:5      | Found a bloodstained altar of Trog.
   609 | D:5      | Found a shimmering altar of Xom.
   610 | D:5      | Found a sparkling altar of Nemelex Xobeh.
   699 | D:5      | Found a staircase to the Ecumenical Temple.
   704 | Temple   | Entered the Ecumenical Temple
   712 | Temple   | Became a worshipper of Cheibriados the Contemplative
   737 | D:5      | Noticed an ogre
   740 | D:5      | Killed an ogre
   741 | D:5      | Reached skill level 5 in Conjurations
   741 | D:5      | Reached skill level 6 in Earth Magic
   741 | D:5      | Reached XP level 7. HP: 50/50 MP: 7/14
   766 | D:5      | Learned a level 5 spell: Lee's Rapid Deconstruction
   815 | D:7      | Shot with an arrow by a centaur

Illustrated notes

Levels and vault maps discovered:
D:1:      ncdulo_watergridlock, layout_basic, shapermc_ecumenical_altar_petra
D:2:      cheibrodos_helix_gallery, layout_loops_corners, basic_altar,
          uniq_jessica, uniq_natasha
D:3:      minmay_inner_zag, layout_loops_ring,
          mainiacjoe_overflow_concentric_impassable, uniq_ijyb, uniq_terence
D:4:      layout_layer_cave, kiku_gazebo_garden_becter, serial_glass,
          glass_columns_a, glass_columns_a, uniq_pikel
D:5:      layout_basic, nzn_wu_jian_contemplation,
          gammafunk_temple_overflow_claw, mainiacjoe_overflow_surrounded_room,
          minmay_temple_entry_purple_smoke, grunt_ministairs_5, uniq_eustachio
D:6:      layout_loops_ring, chequers_temple_overflow_minitemple,
          nicolae_shop_firing_range
D:7:      layout_rooms, tso_metal_star, uniq_menkaure
Temple:   nicolae_temple_little_seven

Skill      XL: |  1  2  3  4  5  6 |
---------------+-------------------+-----
Earth Magic    | 4 5 6 |  6.3
Spellcasting   | 3 4 |  4.7
Conjurations   | 1 2 4 5 |  5.0
Dodging        | |  2.4
Stealth        | |  1.4
Transmutations | |  1.2

Action                   |  1- 3 |  4- 6 |  7- 9 || total
-------------------------+-------+-------+-------++-------
Melee: Unarmed           |     1 |       |       ||     1
       Short sword       |       |     2 |       ||     2
 Cast: Sandblast         |    31 |    48 |     2 ||    81
       Stone Arrow       |     1 |     7 |     2 ||    10
       Passwall          |       |     4 |       ||     4
  Use: Scroll            |       |     2 |       ||     2
Armor: Robe              |     3 |    35 |       ||    38
Dodge: Dodged            |     5 |    53 |     3 ||    61
